 Dungeon Crawl Stone Soup version 0.23.2-33-g5129a83184 (webtiles) character file.

Game seed: 1158365220446950783

2188 psyvane the Digger (level 9, 0/69 HPs)
             Began as a Yellow Draconian Earth Elementalist on July 6, 2019.
             Was a Believer of Fedhas.
             Slain by Joseph
             ... wielding a +0 quarterstaff
              (11 damage)
             ... on level 7 of the Dungeon.
             The game lasted 00:37:30 (7748 turns).

psyvane the Digger (DrEE)                           Turns: 7748, Time: 00:37:30

Health: 0/69       AC: 16    Str: 17    XL:     9   Next: 12%
Magic:  15/15      EV: 12    Int: 15    God:    Fedhas [**....]
Gold:   341        SH:  0    Dex: 14    Spells: 2/17 levels left

rFire    . . .     SeeInvis +   j - +1 mace (protect)
rCold    . . .     Gourm    .   (no shield)
rNeg     . . .     Faith    .   (armour unavailable)
rPois    .         Spirit   .   i - +0 hat {SInv}
rElec    .         Reflect  .   (no cloak)
rCorr    +         Harm     .   u - +0 pair of gloves
MR       .....                  k - +0 pair of boots
Stlth    ++........             h - amulet of rage
HPRegen  0.21/turn              (no ring)
MPRegen  0.14/turn              (no ring)

@: mighty, lethally poisoned (0 -> -1), protection aura, studying Long Blades
A: spit acid, unfitting armour, cold-blooded, acid resistance, AC +7
a: Breathe Acid, Fungal Bloom, Sunlight, Evolution, Renounce Religion, Evoke
Berserk Rage


You were on level 7 of the Dungeon.
You worshipped Fedhas.
Fedhas was pleased with you.
You were very hungry.

You visited 1 branch of the dungeon, and saw 7 of its levels.

You collected 341 gold pieces.

Inventory:

Hand Weapons
 j - a +1 mace of protection (weapon)
 w - a +0 morningstar
Missiles
 t - 8 stones (quivered)
Armour
 i - a +0 hat of see invisible (worn)
 k - a +0 pair of boots (worn)
 u - a +0 pair of gloves (worn)
Jewellery
 h - an amulet of rage (around neck)
Wands
 b - a wand of flame (6)
 r - a wand of random effects (16)
Scrolls
 l - a scroll of magic mapping {unknown}
 n - 3 scrolls of remove curse
 p - a scroll of enchant armour {unknown}
 s - a scroll of fear {unknown}
Potions
 a - 2 potions of flight {unknown}
 d - 2 potions of might
 f - a potion of resistance {unknown}
 g - a potion of degeneration {unknown}
 m - a potion of ambrosia
 o - 2 potions of haste {unknown}
 q - 2 potions of curing {unknown}
 v - a potion of lignification {unknown}
 x - a potion of magic {unknown}
Books
 e - a manual of Long Blades
Comestibles
 c - 2 rations


   Skills:
 - Level 3.0 Fighting
 - Level 6.5 Maces & Flails
 - Level 1.7 Dodging
 - Level 1.7 Stealth
 - Level 4.5 Spellcasting
 - Level 5.0 Transmutations
 * Level 7.2 Earth Magic
 + Level 0.1 Invocations
 - Level 1.1 Evocations


You had 2 spell levels left.
You knew the following spells:

 Your Spells              Type           Power        Failure   Level  Hunger
a - Sandblast             Erth           ####..       1%          1    None
b - Passwall              Tmut/Erth      ###.....     1%          2    ##.....
c - Petrify               Tmut/Erth      ###.....     14%         4    ####...
d - Lee's Rapid Deconstr  Erth           ####......   24%         5    ######.
e - Stone Arrow           Conj/Erth      ##....       12%         3    ###....

Your spell library contained the following spells:

 Spells                   Type           Power        Failure   Level  Hunger


Dungeon Overview and Level Annotations

Branches:
Dungeon (7/15)             Temple (0/1) D:4

Altars:
Fedhas
Makhleb
Okawaru
Ru
Xom
Zin

Annotations:
D:7 Duvessa, Joseph


Innate Abilities, Weirdness & Mutations

You can spit globs of acid.
Your golden yellow scales are hard. (AC +7)
You cannot fit into any form of body armour.
You are cold-blooded and may be slowed by cold attacks.
You are resistant to acid. (rCorr)


Message History

The adder misses you. Duvessa hits you but does no damage.
The bullfrog skeleton hits you but does no damage.
You sock Duvessa!
Duvessa is severely wounded.
You feel sick. The adder bites you but does no damage. Duvessa misses you.
The bullfrog skeleton hits you.
Joseph smiles happily.
Joseph hits you but does no damage. The adder bites you but does no damage.
The bullfrog skeleton hits you.
You closely miss Duvessa.
Duvessa is severely wounded.
Duvessa hits you with a +0 rapier! Joseph misses you.
The adder closely misses you. Duvessa hits you with a +0 rapier!
* * * LOW HITPOINT WARNING * * *
The bullfrog skeleton barely misses you.
You hit Duvessa.
Duvessa is severely wounded.
Joseph hits you with a +0 quarterstaff!
You die...
Fedhas appreciates your contribution to the ecosystem.

##.###.#
##.## ##.##
##.Z# ##..##
### #..##
... ##.##
... ###
#.eS# ..
'..'. ##Z@##
# #.@#'#
###@##
......###
##.##
......@.#
##.## #.##
##.# # #..##
#.# #
##.@######.#
#. #####
##.(....(.#
#.. ....#
##....######
#..#


You could see Joseph, Duvessa (berserk), an adder and a bullfrog skeleton.

Vanquished Creatures
  Menkaure (D:5)
  2 ice beasts
  4 ogres (D:5)
  2 phantoms
  2 centaurs
  4 killer bees (D:6)
  Dowan (D:7)
  A howler monkey (D:5)
  3 crimson imps
  A hound (D:4)
  5 orc priests
  Terence (D:2)
  Natasha (thrice) (D:2)
  3 orc wizards (D:3)
  7 worker ants
  A killer bee zombie (D:7)
  A hound zombie (D:6)
  A worker ant zombie (D:5)
  3 gnolls (D:3)
  12 adders
  2 oozes (D:1)
  An adder skeleton (D:7)
  An adder zombie (D:7)
  A worm (D:3)
  2 dart slugs
  6 leopard geckos
  20 orcs
  A giant cockroach (D:1)
  5 goblins
  11 hobgoblins
  8 jackals (D:2)
  2 quokkas
  2 ball pythons
  10 bats
  6 frilled lizards
  14 kobolds
  2 leopard gecko skeletons
  9 rats
161 creatures vanquished.

Vanquished Creatures (others)
  46 toadstools
46 creatures vanquished.

Grand Total: 207 creatures vanquished

Notes
Turn   | Place    | Note
-------+----------+-------------------------------------------
     0 | D:1      | psyvane the Draconian Earth Elementalist began the quest
                  | for the Orb.
     0 | D:1      | Reached XP level 1. HP: 14/14 MP: 3/3
   140 | D:1      | Reached XP level 2. HP: 19/20 MP: 5/5
   225 | D:1      | Learned a level 2 spell: Passwall
   309 | D:1      | Reached skill level 4 in Earth Magic
   350 | D:1      | Reached XP level 3. HP: 26/26 MP: 6/6
   903 | D:2      | Reached XP level 4. HP: 33/33 MP: 4/7
   992 | D:2      | Noticed Terence
  1004 | D:2      | Killed Terence
  1004 | D:2      | Reached skill level 5 in Earth Magic
  1132 | D:2      | Noticed Natasha
  1152 | D:2      | Killed Natasha
  1152 | D:2      | Reached XP level 5. HP: 28/38 MP: 0/9
  1300 | D:2      | Learned a level 4 spell: Petrify
  1327 | D:2      | Noticed Natasha
  1336 | D:2      | Killed Natasha
  1656 | D:2      | Noticed Natasha
  1661 | D:2      | Killed Natasha
  1713 | D:3      | Found a blossoming altar of Fedhas.
  1763 | D:3      | Became a worshipper of Fedhas Madash
  1885 | D:3      | Reached XP level 6. HP: 32/45 MP: 6/11
  1971 | D:3      | Found a shimmering altar of Xom.
  1974 | D:3      | Paralysed by a crimson imp for 3 turns
  2302 | D:3      | Found a burning altar of Makhleb.
  2399 | D:3      | Reached skill level 6 in Earth Magic
  2423 | D:3      | Learned a level 5 spell: Lee's Rapid Deconstruction
  2454 | D:3      | Reached * piety under Fedhas
  2624 | D:3      | Reached skill level 1 in Fighting
  2803 | D:4      | Found a staircase to the Ecumenical Temple.
  3371 | D:4      | Your scales start taking on a golden yellow colour.
  3371 | D:4      | Reached XP level 7. HP: 40/57 MP: 12/12
  3371 | D:4      | Gained mutation: You are resistant to acid. (rCorr) [Yellow
                  | Draconian growth]
  3380 | D:4      | Reached ** piety under Fedhas
  3420 | D:4      | Reached skill level 1 in Maces & Flails
  4230 | D:4      | Found a glowing silver altar of Zin.
  4302 | D:5      | Entered Level 5 of the Dungeon
  4905 | D:5      | Reached XP level 8. HP: 29/63 MP: 13/13
  5234 | D:5      | Found an iron altar of Okawaru.
  5341 | D:5      | HP: 3/94 [centaur (9)]
  5665 | D:5      | Reached skill level 5 in Maces & Flails
  5938 | D:5      | Found a sacrificial altar of Ru.
  5979 | D:5      | Noticed Menkaure
  5989 | D:5      | Killed Menkaure
  5989 | D:5      | Reached skill level 1 in Evocations
  6371 | D:6      | Reached skill level 5 in Transmutations
  6574 | D:6      | Reached XP level 9. HP: 20/69 MP: 5/15
  6927 | D:6      | Learned a level 3 spell: Stone Arrow
  7127 | D:7      | Reached skill level 7 in Earth Magic
  7288 | D:7      | Noticed Joseph
  7294 | D:7      | Noticed Dowan
  7727 | D:7      | Noticed Duvessa
  7728 | D:7      | Killed Dowan
  7748 | D:7      | Slain by Joseph

Skill      XL: |  1  2  3  4  5  6  7  8  9 |
---------------+----------------------------+-----
Earth Magic    | 4 5 6 7 |  7.2
Spellcasting   | 3 4 |  4.5
Fighting       | 3 |  3.0
Transmutations | 4 5 |  5.0
Maces & Flails | 4 6 |  6.5
Evocations     | 1 |  1.1
Dodging        | |  1.7
Stealth        | |  1.7
Invocations    | |  0.1

Action                   |  1- 3 |  4- 6 |  7- 9 || total
-------------------------+-------+-------+-------++-------
Melee: Unarmed           |    26 |       |       ||    26
       Tailslap          |    11 |    16 |    39 ||    66
       Short sword       |    49 |   164 |       ||   213
       Mace              |       |    16 |   354 ||   370
 Cast: Sandblast         |    10 |    49 |    41 ||   100
       Petrify           |       |     1 |    12 ||    13
       Lee's Rapid Decon |       |     1 |       ||     1
       Stone Arrow       |       |       |     1 ||     1
Invok: Fungal Bloom      |       |    10 |     6 ||    16
       Sunlight          |       |       |     1 ||     1
 Abil: Breathe Acid      |       |       |     1 ||     1
       Evoke Berserk Rag |       |       |     1 ||     1
Evoke: Wand              |       |       |     7 ||     7
  Use: Scroll            |     1 |     4 |     2 ||     7
       Potion            |       |     1 |     2 ||     3
 Stab: Sleeping          |     5 |     1 |       ||     6
       Petrified         |       |       |    53 ||    53
       Petrifying        |       |       |     4 ||     4
  Eat: Chunk             |       |     9 |    11 ||    20
       Ration            |       |       |     2 ||     2
Armor: Skin              |    23 |    62 |   119 ||   204
Dodge: Dodged            |    56 |   129 |   246 ||   431
